Cogmind - Beta 16 @@@ ROGUE MODE // 2025.11.13 @ 16:21:16 Player: ChromeKnight Result: Destroyed by Combat Programmer with EMDS Performance ------------- Evolutions (9) 4500 Regions Visited (24) 4800 Robots Destroyed (198) 990 Value Destroyed (14627) 14627 Prototype IDs (20) 400 Alien Tech Used (0) 0 Bonus (15469) 15469 TOTAL SCORE: 40786 Bonus ------- Triggered High Security 500 High Alert Combat Kills 2233 Follower Combat Kills 7336 Entered Garrisons 1400 Used RIF Installer 4000 Cogmind --------- Core Integrity 0/1600 Matter 255/300 Energy 67/100 System Corruption 1% Temperature Cool (0) Movement Core (50) Location -1/Command Parts ------- > --- POWER (2) -------- (None) > --- PROPULSION (7) --- (None) > --- UTILITY (14) ----- Enhanced Optical Array Advanced Signal Interpreter Improved Melee Analysis Suite Graphene Brace Improved System Shield Relay Coupler [NC] (47) Relay Coupler [NC] (27) Relay Coupler [Grunt] (36) Relay Coupler [Grunt] (39) Relay Coupler [Sentry] (3) Advanced Corruption Screen > --- WEAPON (2) ------- (None) > --- INVENTORY (5) ---- Impulse Thruster System Shield Enhanced Nova Cannon Peak State ------------ > --- POWER ------------ Particle Reactor Micro Antimatter Reactor > --- PROPULSION ------- Flexi-carbon Leg Myomer Leg Enhanced Biometal Leg Enhanced Biometal Leg Centrium Leg Heavy Shield Leg > --- UTILITY ---------- Advanced Coolant Injector Cargo Storage Unit Experimental Optical Array Experimental Targeting Computer Centrium Light Armor Plating Graphene Brace Relay Coupler [NC] Relay Coupler [Sentry] Relay Coupler [Hunter] > --- WEAPON ----------- Enhanced Nova Cannon Enhanced Nova Cannon > --- INVENTORY -------- Light Antimatter Reactor Light Antimatter Reactor Hybrid Antimatter Reactor Micro Antimatter Reactor Quantum Reactor Flexi-carbon Leg Flexi-carbon Leg Myomer Leg Enhanced Biometal Leg Advanced Heat Sink Advanced Heat Sink Advanced Coolant Injector Advanced Coolant Injector Medium Storage Unit Advanced Particle Charger Advanced Weapon Cycler Advanced Weapon Cycler Improved Light Armor Plating Improved Medium Armor Plating Relay Coupler [NC] Relay Coupler [NC] Relay Coupler [Swarmer] Relay Coupler [Duelist] Relay Coupler [Heavy] Compact HERF Cannon Hardcell Cannon Improved Remote Datajack Advanced Remote Datajack [Rating: 156] Favorites ----------- Power Heavy Ion Engine Engine Heavy Ion Engine Power Core Light Fission Core Reactor Light Antimatter Reactor Propulsion Improved Heavy Treads Treads Improved Heavy Treads Leg Advanced VSS Leg Hover Unit Improved Antigrav System Flight Unit Xenon Bombardment Thruster Utility Cargo Storage Unit Device Advanced Weapon Cycler Storage Cargo Storage Unit Processor Advanced Signal Interpreter Hackware Hacking Suite Protection Hardened Medium Armor Plating Weapon Improved Remote Datajack Energy Gun EM Shotgun Energy Cannon Cooled Plasma Cannon Ballistic Gun Hypervelocity Railgun Ballistic Cannon Compact Linear Accelerator Launcher EMP Blaster Special Weapon Improved Remote Datajack Slashing Weapon Axe Special Melee Weapon Advanced Datajack Build | -11 -10 -9 -8 -8 -8 -7 -7 -6 -6 -6 -6 -5 -5 -5 -4 -4 -4 -4 -3 -2 -1 -1 -1 -1 ------- Run | Yrd Mat Mat Mat Gar Sto Fac Gar Fac Was Fac Gar Fac Gar Fac Fac Gar Fac Gar Res Res Acc Gar Acc Com Slots Evolved 18 | . . 2 2 . . 2 . 2 . . . 2 . . 2 . . . 2 2 2 . . . Power 1 | . . . . . . . . . . . . . . . 1 . . . . . . . . . Propulsion 5 | . . . 1 . . . . 1 . . . . . . 1 . . . 2 . . . . . Utility 12 | . . 2 1 . . 2 . 1 . . . 2 . . . . . . . 2 2 . . . Weapon . | . . . . . . . . . . . . . . . . . . . . . . . . . Parts Attached 328 | 6 4 16 2 18 13 9 21 3 1 7 21 . 16 5 3 43 1 19 19 15 . 64 17 5 Power 34 | 1 . 2 . 1 . . 1 . . 1 . . 1 . 2 8 . 4 3 2 . 7 1 . Engine 7 | 1 . 2 . 1 . . 1 . . 1 . . . . . . . . . . . 1 . . Core 3 | . . . . . . . . . . . . . . . 2 1 . . . . . . . . Reactor 24 | . . . . . . . . . . . . . 1 . . 7 . 4 3 2 . 6 1 . Propulsion 80 | 2 . 3 1 3 5 . 5 1 . . 3 . 1 2 . 17 . 3 6 5 . 19 2 2 Treads 24 | 2 . 3 1 3 5 . 2 1 . . 3 . . 2 . . . . . . . 2 . . Leg 36 | . . . . . . . 3 . . . . . 1 . . 17 . 3 6 . . 6 . . Wheel . | . . . . . . . . . . . . . . . . . . . . . . . . . Hover 5 | . . . . . . . . . . . . . . . . . . . . 5 . . . . Flight 15 | . . . . . . . . . . . . . . . . . . . . . . 11 2 2 Utility 153 | 1 1 6 1 7 4 9 14 2 . 5 14 . 8 3 . 15 1 9 7 6 . 25 12 3 Device 35 | . . 3 . 3 2 2 . 1 . . 3 . 1 . . 5 . 2 1 1 . 6 4 1 Storage 9 | 1 1 1 . . . . 1 . . . 1 . . . . . . . 1 2 . 1 . . Processor 15 | . . 1 . . . 1 1 1 . . . . 2 . . 1 . . . 1 . 1 6 . Hackware 71 | . . . . 1 . 3 10 . . 4 9 . 5 3 . 8 1 3 3 1 . 16 2 2 Protection 23 | . . 1 1 3 2 3 2 . . 1 1 . . . . 1 . 4 2 1 . 1 . . Artifact . | . . . . . . . . . . . . . . . . . . . . . . . . . Weapon 61 | 2 3 5 . 7 4 . 1 . 1 1 4 . 6 . 1 3 . 3 3 2 . 13 2 . Energy Gun 9 | 1 1 3 . 3 . . . . . . 1 . . . . . . . . . . . . . Energy Cannon 14 | . . 2 . 1 1 . . . 1 . 1 . . . . 3 . 1 1 1 . 1 1 . Ballistic Gun 19 | 1 1 . . 1 1 . . . . . . . 4 . . . . 1 . . . 10 . . Ballistic Cannon 3 | . . . . . 1 . . . . . . . . . . . . . 1 1 . . . . Launcher 2 | . 1 . . 1 . . . . . . . . . . . . . . . . . . . . Special Weapon 10 | . . . . . . . 1 . . 1 1 . 2 . 1 . . 1 1 . . 2 . . Impact Weapon . | . . . . . . . . . . . . . . . . . . . . . . . . . Slashing Weapon 3 | . . . . 1 1 . . . . . . . . . . . . . . . . . 1 . Piercing Weapon . | . . . . . . . . . . . . . . . . . . . . . . . . . Special Melee Weapon 1 | . . . . . . . . . . . 1 . . . . . . . . . . . . . Unidentified Prototypes 16 | . . 3 . . 3 . . . . . . . 5 . . 2 . . 1 1 . 1 . . Parts Lost 145 | . 1 6 . 7 4 . 4 . . 2 2 . 1 8 . 13 . 10 13 31 1 25 9 8 Power 15 | . . 1 . . . . . . . . . . . 1 . 2 . 2 2 4 . 1 2 . Propulsion 52 | . . 2 . 3 2 . 3 . . . . . . 2 . 3 . 5 5 11 . 9 1 6 Utility 45 | . . 1 . 4 1 . 1 . . . . . 1 4 . 4 . 2 2 11 1 7 4 2 Weapon 33 | . 1 2 . . 1 . . . . 2 2 . . 1 . 4 . 1 4 5 . 8 2 . Highest Loss Streak 24 | . 1 2 . 3 2 . 2 . . 2 1 . 1 8 . 8 . 3 6 24 1 13 4 8 To Critical Strikes 2 | . . . . . . . . . . . . . . . . . . . . . . 2 . . Average Backups 22 | . 5 16 20 17 19 19 21 27 28 26 26 27 27 26 24 26 27 25 26 19 3 6 5 4 Power . | . . . 1 . . . . . . . . . . . . 2 1 1 3 4 . . . . Propulsion 2 | . 1 2 3 . . . 1 2 2 2 2 2 2 3 2 9 7 4 3 . . 1 4 3 Utility 14 | . . 5 9 10 16 17 16 21 21 19 20 21 19 16 15 11 17 17 16 12 3 3 . . Weapon 2 | . 3 7 7 5 3 1 2 2 2 2 1 1 2 3 4 1 1 . 1 . . . . 1 Tool/Special . | . . . . . . . . . . . . . . . . . . . . . . . . . Unused Backups 75 | . 1 9 . 9 6 1 9 . . . 12 . 8 . . 4 . 1 . 5 . 4 3 3 Power 4 | . . . . . . . . . . . . . . . . 2 . . . 2 . . . . Propulsion 10 | . . 3 . . . . 2 . . . . . . . . 1 . . . . . . 2 2 Utility 42 | . 1 . . 7 5 1 5 . . . 8 . 7 . . . . 1 . 3 . 3 . 1 Weapon 18 | . . 6 . 2 1 . 2 . . . 3 . 1 . . 1 . . . . . 1 1 . Tool/Special 1 | . . . . . . . . . . . 1 . . . . . . . . . . . . . Average Slot Usage (%) 84 | . 84 90 86 98 97 98 85 76 80 79 78 76 81 81 50 89 94 90 86 77 11 57 90 62 Engine 4 | . 14 10 9 9 9 7 7 6 6 6 6 5 3 . . . . . . . . . . . Reactor 2 | . . . . . . . . . . . . . 1 4 . 8 10 9 8 6 . 5 6 . Treads 12 | . 28 21 20 26 25 23 10 13 13 13 13 11 11 10 10 . . . . . . . . . Leg 6 | . . . . . . . 2 . . . . . . . . 23 26 25 27 20 . 5 . . Device 8 | . . 16 27 18 17 13 5 5 6 3 1 . . . . 11 15 11 7 7 . 11 11 7 Storage 6 | . 14 11 9 9 9 7 7 6 6 6 6 5 5 5 5 5 5 5 4 3 . 3 . . Processor 5 | . . 5 . . . 6 . 2 6 6 6 5 9 16 10 10 10 10 9 7 8 5 11 16 Hackware 16 | . . . . 7 9 12 26 21 20 26 25 29 29 25 15 12 10 10 12 17 3 10 30 27 Protection 4 | . . 2 2 9 9 9 6 6 6 2 4 5 5 2 . 4 5 5 4 2 . . . . Energy Gun 1 | . 11 7 . 5 . . . . . . 1 . . . . . . . . . . . . . Energy Cannon 5 | . . 9 18 10 8 7 7 6 6 5 4 5 1 . . 4 5 5 3 3 . . . . Ballistic Gun 1 | . 9 . . . . . . . . . . . 3 4 3 . . . . . . 4 . . Special Weapon 3 | . . . . . . . 6 6 6 5 5 5 4 4 3 4 5 3 3 3 . 1 3 . Peak Build Rating 156 | 6 10 23 25 35 37 43 65 76 78 81 85 83 112 112 94 136 135 142 156 145 16 155 121 92 Average Rating 76 | 3 7 17 23 26 35 41 51 72 76 77 79 83 98 108 81 124 133 127 145 122 15 82 109 78 On Entrance 64 | . 6 9 23 25 35 33 42 59 76 77 68 81 83 111 69 90 135 134 128 135 15 15 87 81 Avg Prop Armor Cover (%) 12 | . . . . . . 6 . . . . . . . . 15 8 . . . . . . . 13 Naked Turns 2 | . . . . . . . . . . . . . . . . . . . . . . 2 . . Heaviest Build 306 | 14 37 61 64 72 76 79 172 170 174 173 306 174 176 176 158 196 188 203 203 189 . 54 42 5 Greatest Support 200 | 40 40 40 60 60 63 63 103 150 150 150 150 150 150 150 150 136 118 133 200 160 3 156 49 34 Greatest Overweight (x) 23 | . . 2 1 1 1 1 23 1 1 1 2 1 2 2 2 3 1 2 1 8 . 10 . . Average Overweight (x) . | . . . 1 . . . 1 1 1 1 1 1 1 1 1 1 1 1 . . . . . . Largest Inventory Capacity 30 | 8 15 20 20 20 20 20 30 30 30 30 30 30 30 30 30 30 30 30 30 30 5 10 10 5 Average Capacity 24 | 7 10 18 20 20 20 20 23 30 30 30 30 30 30 30 30 30 30 30 30 25 5 9 5 5 Most Carried 30 | 1 9 20 20 20 20 20 30 30 30 30 30 29 30 30 28 30 30 30 30 25 5 10 10 5 Average Carried 23 | . 5 16 20 17 19 19 22 29 29 28 28 29 29 28 24 28 29 27 27 19 3 6 5 4 Final Capacity 30 | 8 15 20 20 20 20 20 30 30 30 30 30 30 30 30 30 30 30 30 30 5 5 10 5 5 Final Carried 30 | 1 9 20 20 20 20 20 30 30 30 26 30 29 30 24 28 30 30 29 20 3 5 9 5 3 Class Distribution -------------------- 44% | Botlord-Mutant 24% | Bothacker-Mutant 15% | Mutant 11% | Scavenger-Mutant Dominant Class ---------------- Mutant | -10/Materials Mutant | -9/Materials Mutant | -8/Materials Scavenger-Mutant | -8/Garrison Mutant | -8/Storage Mutant | -7/Factory Bothacker-Mutant | -7/Garrison Bothacker-Mutant | -6/Factory Bothacker-Mutant | -6/Waste Bothacker-Mutant | -6/Factory Botlord-Mutant | -6/Garrison Botlord-Mutant | -5/Factory Botlord-Mutant | -5/Garrison Botlord-Mutant | -5/Factory Botlord-Mutant | -4/Factory Botlord-Mutant | -4/Garrison Botlord-Mutant | -4/Factory Botlord-Mutant | -4/Garrison Botlord-Mutant | -3/Research Botlord-Mutant | -2/Research Mutant | -1/Access Scavenger-Mutant | -1/Garrison Botlord-Sprinter | -1/Access Scavenger-Mutant | -1/Command Resources | -11 -10 -9 -8 -8 -8 -7 -7 -6 -6 -6 -6 -5 -5 -5 -4 -4 -4 -4 -3 -2 -1 -1 -1 -1 ----------- Run | Yrd Mat Mat Mat Gar Sto Fac Gar Fac Was Fac Gar Fac Gar Fac Fac Gar Fac Gar Res Res Acc Gar Acc Com Matter Collected 8389 | 218 173 240 20 240 242 90 542 37 86 254 695 6 960 295 . 1114 . 571 381 265 91 1584 285 . Remotely . | . . . . . . . . . . . . . . . . . . . . . . . . . Salvage Created 11458 | . 357 1440 57 497 1440 147 741 . . 194 943 37 568 . . 1488 . 678 833 751 . 1095 192 . Parts 491 | . 21 74 2 37 63 11 27 . . 10 29 1 27 . . 58 . 14 28 32 . 50 7 . Haulers Intercepted 7 | . 1 4 . . 1 . . . . . . . . . . . . . 1 . . . . . Recyclers Shooed 6 | . . 2 . . 2 1 . . . . . . . . . . . . 1 . . . . . Parts Field Recycled . | . . . . . . . . . . . . . . . . . . . . . . . . . Retrieved Matter . | . . . . . . . . . . . . . . . . . . . . . . . . . Parts Self-Destructed . | . . . . . . . . . . . . . . . . . . . . . . . . . Prevented . | . . . . . . . . . . . . . . . . . . . . . . . . . Parts Restored . | . . . . . . . . . . . . . . . . . . . . . . . . . Kills | -11 -10 -9 -8 -8 -8 -7 -7 -6 -6 -6 -6 -5 -5 -5 -4 -4 -4 -4 -3 -2 -1 -1 -1 -1 ------- Run | Yrd Mat Mat Mat Gar Sto Fac Gar Fac Was Fac Gar Fac Gar Fac Fac Gar Fac Gar Res Res Acc Gar Acc Com Combat Hostiles Destroyed 164 | . 6 22 1 21 24 2 3 . . 3 6 1 8 . . 19 . 10 11 12 . 15 . . Melee 2 | . . . . . 1 . . . . . . 1 . . . . . . . . . . . . Guns 48 | . 6 13 . 4 . . . . . . 1 . 8 . . 3 . . . . . 13 . . Cannons 77 | . . 1 1 12 18 2 3 . . 3 3 . . . . 11 . 6 7 9 . 1 . . AOE 14 | . . 6 . 4 3 . . . . . . . . . . . . . 1 . . . . . Classes Destroyed 19 | . 2 8 . 1 2 1 . . . . 1 . 1 . . 2 . . 1 . . . . . Worker 4 | . . 2 . . . 1 . . . 1 . . . . . . . . . . . . . . Builder 5 | . . 3 . . . . . . . 1 . . . . . . . . 1 . . . . . Hauler 7 | . 1 4 . . 1 . . . . . . . . . . . . . 1 . . . . . Recycler 7 | . . 1 . . 5 . . . . . . . . . . . . . . . . . 1 . Mechanic 1 | . . 1 . . . . . . . . . . . . . . . . . . . . . . Operator 3 | . . 2 . . . 1 . . . . . . . . . . . . . . . . . . Watcher 3 | . . 1 . . . . . . . . . . . . . 1 . . . . . . 1 . Swarmer 29 | . . 4 . 12 4 . 2 . . . . . . . . . . . . . . 7 . . Grunt 66 | . 6 9 . 5 11 . 1 . . 1 4 1 3 . . 9 . 7 1 7 . 1 . . Brawler 3 | . . . . . 1 . . . . . . . . . . 1 . . . 1 . . . . Duelist 4 | . . . . 1 3 . . . . . . . . . . . . . . . . . . . Protector 2 | . . . . . 2 . . . . . . . . . . . . . . . . . . . Sentry 21 | . . 9 1 3 5 . . . . . . . 1 . . . . . 2 . . . . . Specialist 1 | . . . . . . . . . . . . . . . . 1 . . . . . . . . Hunter 14 | . . . . . . . . . . . . . . . . 7 . . 3 . . 4 . . Programmer 23 | . . . . . . 2 1 . . 2 1 . 3 . . 2 . 3 3 4 . 2 . . Heavy 1 | . . . . . . . . . . . . . . . . . . . 1 . . . . . Behemoth 3 | . . . . . . . . . . . 1 . . . . . . . 1 . . 1 . . Executioner 1 | . . . . . . . . . . . . . 1 . . . . . . . . . . . Best Kill Streak 9 | . 2 5 1 5 6 2 1 . . 2 3 1 3 . . 3 . 3 4 9 . 7 1 . Combat Bots Only 9 | . 2 4 1 5 6 1 1 . . 2 3 1 3 . . 3 . 3 3 9 . 7 . . Max Kills in Single Turn 5 | . 1 3 1 4 5 1 1 . . 1 1 1 1 . . 1 . 1 1 1 . 1 1 . Gunslinging . | . . . . . . . . . . . . . . . . . . . . . . . . . Exploded 4 | . . 2 . 4 3 . . . . . . . . . . . . . 1 . . . . . Melee 1 | . . . . . 1 . . . . . . 1 . . . . . . . . . . . . Uniques/NPCs Destroyed . | . . . . . . . . . . . . . . . . . . . . . . . . . Combat | -11 -10 -9 -8 -8 -8 -7 -7 -6 -6 -6 -6 -5 -5 -5 -4 -4 -4 -4 -3 -2 -1 -1 -1 -1 -------- Run | Yrd Mat Mat Mat Gar Sto Fac Gar Fac Was Fac Gar Fac Gar Fac Fac Gar Fac Gar Res Res Acc Gar Acc Com Hostile Shots Fired 2210 | . 32 85 13 115 87 5 71 3 . 21 149 . 51 119 . 420 22 153 220 219 9 233 108 75 Missed 641 | . 11 23 1 29 21 3 22 1 . 5 49 . 13 32 . 105 10 40 43 56 1 74 62 40 Deflected 1 | . . . . . . . . . . . . . . . . . . . 1 . . . . . Hits 1569 | . 21 62 12 86 66 2 49 2 . 16 100 . 38 87 . 315 12 113 177 163 8 159 46 35 Melee 19 | . . . . 6 5 . . . . . . . . 7 . . . . . 1 . . . . Projectile 1550 | . 21 62 12 80 61 2 49 2 . 16 100 . 38 80 . 315 12 113 177 162 8 159 46 35 AOE 7 | . . . . . . 1 . . . . 2 . . 1 . . . . . . . . . 3 Critical Strikes 79 | . . 1 . 4 3 . 3 . . . 5 . 3 1 . 8 1 6 28 8 . 4 3 1 Actively Blocked 40 | . . . . . . . . . . . . . 1 . . . . . 28 7 . . 3 1 Part Disruptions 5 | . . . . . . 1 . . . . . . . 2 . . . 1 . 1 . . . . Damage Taken 29762 | . 290 1005 173 1157 1169 81 813 28 44 590 1433 . 738 2277 . 3697 240 1983 4481 3843 161 3488 952 1119 Core 5584 | . 22 202 17 118 82 19 152 . . 85 138 . 123 457 . 535 27 177 483 1334 138 663 64 748 Absorbed by Shields 2736 | . . . . 22 . . . . . 18 548 . . . . 1838 . 228 . . . 82 . . Ignored by Resistances 33 | . . . . . . . . . . . . . . . . . . 33 . . . . . . Regen/Repaired (Parts) 607 | . . 86 . . . . . . 36 . 300 . 185 . . . . . . . . . . . Core Remaining (%) 59 | 100 91 49 . . 60 . 75 . . . 73 . . 42 . . . 35 62 8 . . . . Volleys Fired 1238 | . 29 81 6 47 86 8 89 3 6 47 128 4 78 38 . 144 8 92 120 57 . 146 21 . Largest 2 | . 2 2 2 2 2 1 1 1 1 1 2 1 2 1 . 2 1 2 2 1 . 2 1 . Hottest 240 | . 60 136 136 136 113 35 105 7 7 35 207 7 98 40 . 132 7 240 240 120 . 123 120 . Shots Fired 1469 | . 50 112 12 91 90 8 89 3 6 48 145 4 92 38 . 163 9 101 126 57 . 204 21 . Gun 459 | . 50 76 . 32 4 . . . . . 19 . 57 17 . 37 . . . . . 167 . . Cannon 704 | . . 25 12 55 86 8 59 . . 23 74 . 1 . . 91 1 82 107 57 . 19 4 . Launcher 15 | . . 11 . 4 . . . . . . . . . . . . . . . . . . . . Special 291 | . . . . . . . 30 3 6 25 52 4 34 21 . 35 8 19 19 . . 18 17 . Kinetic 359 | . 27 . . . 4 . . . . . . . 57 17 . 37 . . 18 32 . 167 . . Thermal 677 | . . 25 12 87 86 8 59 . . 23 93 . 1 . . 86 1 82 75 16 . 19 4 . Explosive 4 | . . . . 4 . . . . . . . . . . . . . . . . . . . . Electromagnetic 138 | . 23 87 . . . . . . . . . . . . . 5 . . 14 9 . . . . Robot Hit Streak 38 | . 7 20 8 8 10 1 28 6 12 17 16 5 17 13 . 14 16 12 38 16 . 29 10 . Robot Miss Streak 8 | . 3 4 2 3 2 2 5 . . 2 2 . 3 3 . 8 1 4 3 2 . 3 2 . Penetration Max 2 | . . . . . . . . . . . . . . 2 . . . . . . . 2 . . Secondary Targets 3 | . . . . 1 . . . . . . . . 2 . . . . . . . . . . . Max Gunslinging Chain 1 | . . . . 1 . . . . . . . . 1 . . . . . . . . . . . Shots Hit Robots 1081 | . 37 89 9 46 68 4 63 3 6 35 112 4 69 27 . 114 6 76 93 50 . 158 12 . Core Hits 322 | . 15 63 1 29 33 2 14 . . 5 26 . 11 2 . 30 . 9 20 15 . 45 2 . Critical Kills 31 | . . 1 . . 1 . 3 . . . 2 . 7 . . 6 . 4 2 . . 5 . . Critical Parts Destroyed 24 | . . . . . . . . . . . . . 7 2 . 6 . . . . . 9 . . Critical Strikes 65 | . 2 1 . 1 2 . 3 . . . 2 . 14 2 . 12 . 4 2 3 . 17 . . Burn 1 | . . . . 1 . . . . . . . . . . . . . . . . . . . . Meltdown 17 | . . 1 . . 1 . 3 . . . 2 . . . . 3 . 4 2 . . 1 . . Destroy 41 | . . . . . . . . . . . . . 14 2 . 9 . . . . . 16 . . Blast 3 | . . . . . . . . . . . . . . . . . . . . 3 . . . . Corrupt 2 | . 2 . . . . . . . . . . . . . . . . . . . . . . . Sever 1 | . . . . . 1 . . . . . . . . . . . . . . . . . . . Melee Attacks 41 | . . . . 10 15 3 . . . . 1 . . . . . . . . . . . 12 . Impact . | . . . . . . . . . . . . . . . . . . . . . . . . . Slashing 40 | . . . . 10 15 3 . . . . . . . . . . . . . . . . 12 . Piercing . | . . . . . . . . . . . . . . . . . . . . . . . . . Sneak Attacks 8 | . . . . . 6 1 . . . . . . . . . . . . . . . . 1 . Combat Hostiles . | . . . . . . . . . . . . . . . . . . . . . . . . . Follow-up Attacks . | . . . . . . . . . . . . . . . . . . . . . . . . . Damage Inflicted 27599 | . 507 2302 212 1285 2873 188 1398 . . 504 2760 7 279 94 . 2747 104 2821 3390 2440 . 3550 138 . Guns 6063 | . 472 972 . 393 32 . . . . . 341 . 279 94 . 280 . . . . . 3200 . . Cannons 18876 | . . 400 212 586 1951 126 1398 . . 504 2419 . . . . 2467 41 2800 3205 2420 . 347 . . Explosions 1809 | . 35 930 . 306 367 . . . . . . . . . . . . . 171 . . . . . Melee 723 | . . . . . 523 62 . . . . . . . . . . . . . . . . 138 . Ramming 128 | . . . . . . . . . . . . 7 . . . . 63 21 14 20 . 3 . . Kinetic 6048 | . 208 . . . 32 . . . . . . . 279 94 . 280 . . 633 1322 . 3200 . . Thermal 17282 | . 35 967 212 979 1951 126 1398 . . 504 2760 . . . . 2252 41 2800 2166 744 . 347 . . Explosive 844 | . . . . 306 367 . . . . . . . . . . . . . 171 . . . . . Electromagnetic 2574 | . 264 1335 . . . . . . . . . . . . . 215 . . 406 354 . . . . Impact . | . . . . . . . . . . . . . . . . . . . . . . . . . Slashing 723 | . . . . . 523 62 . . . . . . . . . . . . . . . . 138 . Piercing . | . . . . . . . . . . . . . . . . . . . . . . . . . Highest Corruption 19 | . . 2 . . . . 3 . . 2 2 . 3 19 . 4 4 12 6 9 . . 1 1 Average Corruption 3 | . . 2 . . . . 2 . . 1 2 . 2 4 . 3 4 8 2 4 . . 1 1 Corruption Purged . | . . . . . . . . . . . . . . . . . . . . . . . . . Corruption Blocked 7 | . . . . . . . . . . . . . . . . . . . . . . . 2 5 Effects 281 | . . 7 . . . . 44 . . 8 46 . 29 15 . 56 6 52 15 3 . . . . Message Errors 58 | . . 1 . . . . 10 . . 1 10 . 3 3 . 15 . 10 4 1 . . . . Matter Fused 75 | . . 2 . . . . 12 . . 3 13 . 7 4 . 12 1 14 6 1 . . . . Heat Flow Errors 24 | . . 2 . . . . 2 . . 1 3 . 5 . . 5 1 4 1 . . . . . Energy Discharges 38 | . . . . . . . 10 . . 1 6 . 4 3 . 7 1 6 . . . . . . Parts Rejected 4 | . . . . . . . 1 . . . . . . . . 1 . 1 . 1 . . . . Parts Fused 4 | . . . . . . . 1 . . . 2 . . . . 1 . . . . . . . . Data Loss (minor) 37 | . . 1 . . . . 5 . . . 6 . 7 1 . 8 . 7 2 . . . . . Data Loss (major) 15 | . . . . . . . 2 . . . 2 . 1 2 . 2 1 5 . . . . . . Misfires 11 | . . 1 . . . . . . . 1 2 . . 1 . 3 1 2 . . . . . . Alerts 10 | . . . . . . . 1 . . 1 2 . 2 . . 1 1 1 1 . . . . . Misdirections 1 | . . . . . . . . . . . . . . . . . . 1 . . . . . . Weapon Failures 4 | . . . . . . . . . . . . . . 1 . 1 . 1 1 . . . . . Overload Shots 2 | . . . . . 1 . 1 . . . . . . . . . . . . . . . . . Overflow Damage 975 | . . 60 . 3 250 55 . . . 31 47 . . . . 21 3 243 98 164 . . . . Projectiles 712 | . . . . 3 73 33 . . . 31 47 . . . . 21 . 243 97 164 . . . . Explosions 61 | . . 60 . . . . . . . . . . . . . . . . 1 . . . . . Melee 202 | . . . . . 177 22 . . . . . . . . . . 3 . . . . . . . Knockbacks 12 | . . . . . . . . . . . . . . . . . . . 4 8 . . . . Impact 1 | . . . . . . . . . . . . . . . . . . . 1 . . . . . Kinetic 9 | . . . . . . . . . . . . . . . . . . . 2 7 . . . . Secondary 2 | . . . . . . . . . . . . . . . . . . . 1 1 . . . . Self-Inflicted Damage 300 | . . 189 . 32 69 . . . . . . . . . . . . . . 9 . 1 . . Shots 6 | . . 4 . 1 1 . . . . . . . . . . . . . . . . . . . Rammed 4 | . . . . . . . . . . . . . . . . . . . . 3 . 1 . . Targets Rammed 9 | . . . . . 1 . . . . . . 1 . . . . 1 1 1 3 . 1 . . Kicked 3 | . . . . . . . . . . . . . . . . . 1 1 1 . . . . . Crushed 2 | . . . . . 1 . . . . . . 1 . . . . . . . . . . . . Highest Temperature 658 | . 72 225 180 195 271 . 219 . . 245 545 . 268 6 . 658 130 197 355 420 . 48 232 . Average Temperature 90 | . 37 51 95 62 60 . 47 . . 128 137 . 83 6 . 146 64 78 91 97 . 14 132 . Received Heat Transfer 3915 | . 162 291 45 333 405 12 90 . . 18 667 . 153 174 . 415 57 307 156 585 . 18 9 18 Effects 35 | . . . . . . . . . . . 10 . . . . 23 . . . 2 . . . . Shutdowns 9 | . . . . . . . . . . . 1 . . . . 8 . . . . . . . . Energy Bleed 1 | . . . . . . . . . . . . . . . . . . . . 1 . . . . Interference 9 | . . . . . . . . . . . 4 . . . . 5 . . . . . . . . Matter Decay 2 | . . . . . . . . . . . 1 . . . . . . . . 1 . . . . Short Circuit 1 | . . . . . . . . . . . . . . . . 1 . . . . . . . . Damage (minor) 2 | . . . . . . . . . . . 1 . . . . 1 . . . . . . . . Damage (major) 11 | . . . . . . . . . . . 3 . . . . 8 . . . . . . . . Siege Activations . | . . . . . . . . . . . . . . . . . . . . . . . . . Martial Activations . | . . . . . . . . . . . . . . . . . . . . . . . . . Shielding Activations 4 | . . . . . . . . . . . . . . . . . . . 4 . . . . . Total Turns 60 | . . . . . . . . . . . . . . . . . . . 60 . . . . . Longest Duration 38 | . . . . . . . . . . . . . . . . . . . 38 . . . . . Robots Disrupted . | . . . . . . . . . . . . . . . . . . . . . . . . . Combat Hostiles . | . . . . . . . . . . . . . . . . . . . . . . . . . Robots Corrupted 7 | . . 2 . . . . . . . . . . . . . 1 . . 1 3 . . . . Combat Hostiles 6 | . . 1 . . . . . . . . . . . . . 1 . . 1 3 . . . . Parts Fried 15 | . . 6 . . 1 . . . . . . . . . . 2 . . 3 3 . . . . Impact Corruptions 1 | . . . . . . . . . . . . . . . . . 1 . . . . . . . Robots Melted 21 | . . 2 . 1 2 . 3 . . . 2 . . . . 4 . 4 2 . . 1 . . Combat Hostiles 18 | . . 1 . 1 2 . 1 . . . 2 . . . . 4 . 4 2 . . 1 . . Parts Melted 55 | . . 2 3 4 8 2 7 . . 2 3 . . . . 9 . 10 3 2 . . . . Heat Transferred 18537 | . 50 1229 333 1773 2779 150 2050 . . 700 2603 . . . . 1961 37 2107 1710 555 . 500 . . Parts Sabotaged . | . . . . . . . . . . . . . . . . . . . . . . . . . Parts Stolen . | . . . . . . . . . . . . . . . . . . . . . . . . . Parts Stripped . | . . . . . . . . . . . . . . . . . . . . . . . . . Power Chain Reactions 8 | . 1 7 . . . . . . . . . . . . . . . . . . . . . . Alert | -11 -10 -9 -8 -8 -8 -7 -7 -6 -6 -6 -6 -5 -5 -5 -4 -4 -4 -4 -3 -2 -1 -1 -1 -1 ------- Run | Yrd Mat Mat Mat Gar Sto Fac Gar Fac Was Fac Gar Fac Gar Fac Fac Gar Fac Gar Res Res Acc Gar Acc Com Maximum Alert Level 5 | . . 1 . 4 3 1 5 3 . 1 5 4 5 5 4 5 4 4 2 . . 1 1 . Low Security (%) 31 | 100 100 70 100 28 . 26 7 3 100 75 22 . . . . . . . 85 100 100 73 69 100 Level 1 11 | . . 29 . 12 32 73 5 3 . 24 11 . . . . . . . 11 . . 26 30 . Level 2 12 | . . . . 25 50 . 30 57 . . 25 . . . . . . 1 3 . . . . . Level 3 20 | . . . . 17 17 . 36 34 . . 9 55 30 . 72 40 26 81 . . . . . . Level 4 11 | . . . . 16 . . 18 . . . 16 44 13 7 27 30 73 16 . . . . . . Level 5 12 | . . . . . . . 1 . . . 14 . 55 67 . 29 . . . . . . . . High Security . | . . . . . . . . . . . . . . 25 . . . . . . . . . . Max Security . | . . . . . . . . . . . . . . . . . . . . . . . . . Peak Influence 3172 | . 48 350 31 1516 831 372 1661 871 66 343 2165 1168 3172 2514 1129 2365 1241 1203 623 82 10 341 265 56 Initial 1665 | . . . 26 . 739 372 93 871 66 . 7 1136 701 1665 1129 720 1241 716 623 51 10 . 204 51 Average 723 | . 10 156 13 555 501 246 787 633 9 80 771 1041 1764 1886 1079 1382 1143 927 88 12 2 124 138 30 Influence Increases 18102 | . 207 839 31 1686 1166 112 1748 44 73 867 2398 226 2651 1403 . 2035 . 692 474 310 . 692 388 60 Destroy 0b10 Robot/C 6200 | . 120 440 20 580 600 40 460 20 . 340 540 80 560 580 . 660 . 320 220 240 . 300 80 . Destroy 0b10 Robot/NC 295 | . 5 70 . . 50 15 25 . . 35 25 . 10 15 . 5 . . 10 . . 10 20 . Destroy Leader 910 | . 32 160 10 30 136 22 20 . . 64 40 30 20 112 . 40 . 30 52 40 . 50 22 . Allied During Kill 1871 | . . . . 53 154 2 104 3 . 167 189 110 225 647 . 98 . 40 24 . . 5 50 . Successful Hack 239 | . 12 17 . 30 36 30 12 21 . . 26 4 18 12 . 14 . . . . . 7 . . Disable Machine 330 | . 15 60 . . 90 . . . . 75 . . . 15 . . . . 30 . . . 45 . Anti-Garrison Action 6750 | . . . . 900 . . 1000 . . 150 1500 . 1700 . . 1100 . 150 . . . 250 . . Destroy Structure 712 | . 8 47 1 78 25 3 52 . 73 21 18 2 88 22 . 58 . 62 108 15 . 10 21 . Partial Spotted 45 | . . . . . . . . . . . . . . . . . . . . . . 30 . 15 Lose Combat Pursuer 750 | . 15 45 . 15 75 . 75 . . 15 60 . 30 . . 60 . 90 30 15 . 30 150 45 Influence Decreases 18072 | . 207 776 93 171 1863 797 221 1516 262 857 243 1389 481 2269 1277 699 1342 607 1489 385 18 351 649 110 Entered New Map 8674 | . . . 37 1 777 447 41 790 123 . 3 1029 301 1507 1177 309 1124 307 485 42 8 . 137 29 Time Decay 4022 | . 197 566 56 . 586 310 . 386 139 261 . 170 . 262 100 . 198 . 405 123 10 . 222 31 Lost Part 1273 | . 10 60 . 70 40 . 40 . . 20 20 . 10 80 . 130 . 100 102 220 . 231 90 50 Lost Ally 2310 | . . . . 100 160 40 140 40 . 58 220 40 170 420 . 260 20 200 122 . . 120 200 . Purge Threat 1793 | . . 150 . . 300 . . 300 . 518 . 150 . . . . . . 375 . . . . . Squads Dispatched 49 | . 1 3 . . 4 3 . 2 . 6 . 2 . 11 . . 2 . 6 3 . . 5 1 Investigation 5 | . 1 . . . . 2 . . . . . . . 2 . . . . . . . . . . Extermination 13 | . . . . . . 1 . 1 . 2 . 1 . 1 . . . . 2 2 . . 2 1 Reinforcement 13 | . . 3 . . . . . . . 2 . . . 2 . . . . 4 1 . . 1 . Assault 15 | . . . . . 4 . . 1 . 2 . . . 6 . . 2 . . . . . . . Garrison 3 | . . . . . . . . . . . . 1 . . . . . . . . . . 2 . Intercept . | . . . . . . . . . . . . . . . . . . . . . . . . . Searches Triggered . | . . . . . . . . . . . . . . . . . . . . . . . . . Unchained Authorized 1 | . . . . . . . . . . . . . . . . . . . 1 . . . . . Construction Impeded 2 | . . 1 . . . . . . . . . . . . . . . . 1 . . . . . Haulers Reinforced 1 | . . . . . . . . . . . . . . . . . . . 1 . . . . . Active Scanning Responses . | . . . . . . . . . . . . . . . . . . . . . . . . . Cargo Convoy Interrupts . | . . . . . . . . . . . . . . . . . . . . . . . . . Alert ID Control Effect 51 | . . . . . . . . . . . . . . . . . . 20 16 . . 11 4 . Stealth | -11 -10 -9 -8 -8 -8 -7 -7 -6 -6 -6 -6 -5 -5 -5 -4 -4 -4 -4 -3 -2 -1 -1 -1 -1 --------- Run | Yrd Mat Mat Mat Gar Sto Fac Gar Fac Was Fac Gar Fac Gar Fac Fac Gar Fac Gar Res Res Acc Gar Acc Com Distress Signals 25 | . 1 2 . . 3 . . . . 2 . . 2 2 . 2 . 1 4 1 . . 4 1 Communications Jammed . | . . . . . . . . . . . . . . . . . . . . . . . . . Distress Signals . | . . . . . . . . . . . . . . . . . . . . . . . . . Times Spotted 611 | . 14 36 1 31 47 7 42 3 6 26 39 3 39 53 . 54 7 50 41 21 2 35 37 17 Peak Tracking Total 14 | . 4 6 1 5 10 3 9 3 2 6 4 2 6 14 . 13 6 9 5 8 2 10 11 14 Tactical Retreats 35 | . 1 1 . 1 4 . 2 . . 1 3 . 2 . . 2 . 6 2 1 . 2 5 2 Traps | -11 -10 -9 -8 -8 -8 -7 -7 -6 -6 -6 -6 -5 -5 -5 -4 -4 -4 -4 -3 -2 -1 -1 -1 -1 ------- Run | Yrd Mat Mat Mat Gar Sto Fac Gar Fac Was Fac Gar Fac Gar Fac Fac Gar Fac Gar Res Res Acc Gar Acc Com Traps Triggered 60 | . 2 1 . 9 1 . 6 1 . . 10 . 7 1 . 9 . 6 . 1 . 5 1 . Indirectly . | . . . . . . . . . . . . . . . . . . . . . . . . . Trap Hack Attempts . | . . . . . . . . . . . . . . . . . . . . . . . . . Triggered . | . . . . . . . . . . . . . . . . . . . . . . . . . Disarmed 2 | . . . . . . . . . . . . 2 . . . . . . . . . . . . Reprogrammed . | . . . . . . . . . . . . . . . . . . . . . . . . . Reused . | . . . . . . . . . . . . . . . . . . . . . . . . . Traps Extracted . | . . . . . . . . . . . . . . . . . . . . . . . . . Installed . | . . . . . . . . . . . . . . . . . . . . . . . . . Triggered . | . . . . . . . . . . . . . . . . . . . . . . . . . Machines | -11 -10 -9 -8 -8 -8 -7 -7 -6 -6 -6 -6 -5 -5 -5 -4 -4 -4 -4 -3 -2 -1 -1 -1 -1 ---------- Run | Yrd Mat Mat Mat Gar Sto Fac Gar Fac Was Fac Gar Fac Gar Fac Fac Gar Fac Gar Res Res Acc Gar Acc Com Machines Disabled 56 | . 1 4 . 4 6 . 8 . . 6 7 . 3 1 . 7 . 1 2 . . 3 3 . Max in Single Turn 2 | . 1 1 . 1 1 . 2 . . . 1 . 2 . . 1 . 1 1 . . 1 1 . Garrison Access 1 | . . . . . . . . . . 1 . . . . . . . . . . . . . . Garrison Relay 27 | . . . . 4 . . 5 . . . 6 . 2 . . 5 . 2 . . . 3 . . Phase Generator 2 | . . . . . . . 1 . . . . . 1 . . . . . . . . . . . Machines Repaired . | . . . . . . . . . . . . . . . . . . . . . . . . . Machines Dismantled . | . . . . . . . . . . . . . . . . . . . . . . . . . Machines Sabotaged . | . . . . . . . . . . . . . . . . . . . . . . . . . Overloaded Fab Kills . | . . . . . . . . . . . . . . . . . . . . . . . . . Hacking | -11 -10 -9 -8 -8 -8 -7 -7 -6 -6 -6 -6 -5 -5 -5 -4 -4 -4 -4 -3 -2 -1 -1 -1 -1 --------- Run | Yrd Mat Mat Mat Gar Sto Fac Gar Fac Was Fac Gar Fac Gar Fac Fac Gar Fac Gar Res Res Acc Gar Acc Com Machines Accessed 67 | . 6 7 1 4 11 4 2 5 . 3 4 3 4 2 3 2 1 1 . 1 1 1 . 1 Terminals 52 | . 6 6 . 4 11 1 2 3 . 1 4 1 4 1 2 2 . 1 . 1 . 1 . 1 Fabricators 2 | . . . . . . 1 . . . . . 1 . . . . . . . . . . . . Repair Stations 2 | . . 1 . . . . . . . 1 . . . . . . . . . . . . . . Recycling Units . | . . . . . . . . . . . . . . . . . . . . . . . . . Scanalyzers 3 | . . . . . . 1 . 1 . . . . . 1 . . . . . . . . . . Garrison Access 8 | . . . 1 . . 1 . 1 . 1 . 1 . . 1 . 1 . . . 1 . . . Total Hacks 133 | . 11 14 1 6 22 10 3 16 . 9 5 7 5 4 6 3 2 3 . 2 2 1 . 1 Successful 66 | . 7 10 1 4 8 7 2 6 . 3 3 5 3 1 1 1 1 . . . 2 1 . . Failed 66 | . 4 4 . 2 14 3 1 10 . 6 2 2 2 2 5 2 1 3 . 2 . . . 1 Catastrophic 18 | . 1 . . . 4 1 . 1 . 3 . 1 . 2 2 1 . 2 . . . . . . Database Lockouts 1 | . . . . . . . . . . . . . . 1 . . . . . . . . . . Manual 46 | . 10 8 . . 11 2 . 5 . 4 . 2 . . 3 . 1 . . . . . . . Terminals 96 | . 11 11 . 6 22 3 3 7 . 4 5 5 5 2 2 3 . 3 . 2 . 1 . 1 Fabricators 2 | . . . . . . 1 . . . . . 1 . . . . . . . . . . . . Repair Stations 4 | . . 3 . . . . . . . 1 . . . . . . . . . . . . . . Recycling Units . | . . . . . . . . . . . . . . . . . . . . . . . . . Scanalyzers 8 | . . . . . . 3 . 3 . . . . . 2 . . . . . . . . . . Garrison Access 23 | . . . 1 . . 3 . 6 . 4 . 1 . . 4 . 2 . . . 2 . . . Terminal Hacks 33 | . 1 2 . 4 8 . 2 2 . 2 3 4 3 . . 1 . . . . . 1 . . Open Door 8 | . . . . 1 3 . 1 . . . 1 . 1 . . . . . . . . 1 . . Level Access Points 1 | . . . . . 1 . . . . . . . . . . . . . . . . . . . Emergency Access Points 5 | . . . . 1 . . 1 . . . 1 . 1 . . 1 . . . . . . . . Garrison Index 1 | . . . . . 1 . . . . . . . . . . . . . . . . . . . Unreport Threat 8 | . . 1 . . 2 . . 2 . 2 . 1 . . . . . . . . . . . . Disarm Traps 1 | . . . . . . . . . . . . 1 . . . . . . . . . . . . Dispatch Records 1 | . . . . . . . . . . . . 1 . . . . . . . . . . . . Security Status 1 | . 1 . . . . . . . . . . . . . . . . . . . . . . . Registered Components 1 | . . 1 . . . . . . . . . . . . . . . . . . . . . . Zone Layout 2 | . . . . . 1 . . . . . . 1 . . . . . . . . . . . . Garrison Registry 1 | . . . . . . . . . . . . . 1 . . . . . . . . . . . Patrol Navigation 1 | . . . . 1 . . . . . . . . . . . . . . . . . . . . Security Stations 2 | . . . . 1 . . . . . . 1 . . . . . . . . . . . . . Fabricator Hacks 1 | . . . . . . 1 . . . . . . . . . . . . . . . . . . Build 1 | . . . . . . 1 . . . . . . . . . . . . . . . . . . Repair Station Hacks 2 | . . 2 . . . . . . . . . . . . . . . . . . . . . . Scan Component 1 | . . 1 . . . . . . . . . . . . . . . . . . . . . . Repair 1 | . . 1 . . . . . . . . . . . . . . . . . . . . . . Recycling Unit Hacks . | . . . . . . . . . . . . . . . . . . . . . . . . . Scanalyzer 5 | . . . . . . 3 . 1 . . . . . 1 . . . . . . . . . . Retrieve Study 5 | . . . . . . 3 . 1 . . . . . 1 . . . . . . . . . . Garrison Access Hacks 9 | . . . 1 . . 1 . 1 . 1 . 1 . . 1 . 1 . . . 2 . . . Unlock Access 8 | . . . 1 . . 1 . 1 . 1 . 1 . . 1 . 1 . . . 1 . . . Coupler Status 1 | . . . . . . . . . . . . . . . . . . . . . 1 . . . Unauthorized Hacks 16 | . 6 6 . . . 2 . 2 . . . . . . . . . . . . . . . . Terminals 12 | . 6 6 . . . . . . . . . . . . . . . . . . . . . . Operators 2 | . 1 1 . . . . . . . . . . . . . . . . . . . . . . Skim 10 | . 5 5 . . . . . . . . . . . . . . . . . . . . . . Fabricators . | . . . . . . . . . . . . . . . . . . . . . . . . . Repair Stations . | . . . . . . . . . . . . . . . . . . . . . . . . . Recycling Units . | . . . . . . . . . . . . . . . . . . . . . . . . . Scanalyzers . | . . . . . . . . . . . . . . . . . . . . . . . . . Garrison Access 4 | . . . . . . 2 . 2 . . . . . . . . . . . . . . . . Restock 1 | . . . . . . 1 . . . . . . . . . . . . . . . . . . Reprogram 2 | . . . . . . 1 . 1 . . . . . . . . . . . . . . . . Watchers 1 | . . . . . . . . 1 . . . . . . . . . . . . . . . . Data Cores Recovered 1 | . . . . . . 1 . . . . . . . . . . . . . . . . . . Used . | . . . . . . . . . . . . . . . . . . . . . . . . . Hacking Detections 45 | . 2 2 1 3 7 3 2 5 . 2 1 2 3 2 3 1 1 1 . 1 1 1 . 1 Full Trace Events 3 | . . . . . . 1 . . . . . . . 1 . 1 . . . . . . . . Feedback Events 1 | . . . . . . . . . . . . . . 1 . . . . . . . . . . Corruption 1 | . . . . . . . . . . . . . . 1 . . . . . . . . . . Feedback Blocked . | . . . . . . . . . . . . . . . . . . . . . . . . . Robot Schematics Acquired . | . . . . . . . . . . . . . . . . . . . . . . . . . Robots Built . | . . . . . . . . . . . . . . . . . . . . . . . . . Authchips . | . . . . . . . . . . . . . . . . . . . . . . . . . Time . | . . . . . . . . . . . . . . . . . . . . . . . . . Total Robot Build Rating . | . . . . . . . . . . . . . . . . . . . . . . . . . Part Schematics Acquired . | . . . . . . . . . . . . . . . . . . . . . . . . . Parts Built 1 | . . . . . . 1 . . . . . . . . . . . . . . . . . . Authchips . | . . . . . . . . . . . . . . . . . . . . . . . . . Time 134 | . . . . . . 134 . . . . . . . . . . . . . . . . . . Total Part Build Rating 4 | . . . . . . 4 . . . . . . . . . . . . . . . . . . Part Studies Acquired 5 | . . . . . . 3 . 1 . . . . . 1 . . . . . . . . . . Parts Repaired 1 | . . 1 . . . . . . . . . . . . . . . . . . . . . . Time 26 | . . 26 . . . . . . . . . . . . . . . . . . . . . . Parts Recycled . | . . . . . . . . . . . . . . . . . . . . . . . . . Recycled Matter . | . . . . . . . . . . . . . . . . . . . . . . . . . Retrieved Matter . | . . . . . . . . . . . . . . . . . . . . . . . . . Retrieved Components . | . . . . . . . . . . . . . . . . . . . . . . . . . Parts Scanalyzed . | . . . . . . . . . . . . . . . . . . . . . . . . . Part Schematics Acquired . | . . . . . . . . . . . . . . . . . . . . . . . . . Parts Damaged . | . . . . . . . . . . . . . . . . . . . . . . . . . Bothacking | -11 -10 -9 -8 -8 -8 -7 -7 -6 -6 -6 -6 -5 -5 -5 -4 -4 -4 -4 -3 -2 -1 -1 -1 -1 ------------ Run | Yrd Mat Mat Mat Gar Sto Fac Gar Fac Was Fac Gar Fac Gar Fac Fac Gar Fac Gar Res Res Acc Gar Acc Com Used RIF Installer 8 | . . . . 1 . . 2 . . . 1 . 1 . . 2 . 1 . . . . . . Hotswap 1 | . . . . . . . 1 . . . . . . . . . . . . . . . . . Zone Cloak 1 | . . . . . . . . . . . . . . . . 1 . . . . . . . . Robot Detection 1 | . . . . . . . . . . . 1 . . . . . . . . . . . . . Alert ID Control 1 | . . . . . . . . . . . . . . . . . . 1 . . . . . . Structural Interface 1 | . . . . . . . 1 . . . . . . . . . . . . . . . . . Program Shield 1 | . . . . . . . . . . . . . . . . 1 . . . . . . . . Autooverride 1 | . . . . . . . . . . . . . 1 . . . . . . . . . . . Robots Hacked 145 | . . . . . . . 18 2 6 9 18 1 14 17 . 12 2 9 11 . . 13 13 . Non-combat 16 | . . . . . . . . 1 . 5 1 1 . 1 . . 2 . 3 . . . 2 . Combat 129 | . . . . . . . 18 1 6 4 17 . 14 16 . 12 . 9 8 . . 13 11 . Autooverrided 19 | . . . . . . . . . . . . . 1 8 . 2 . 1 2 . . 1 4 . Robot Hacks Applied 142 | . . . . . . . 18 3 6 14 18 3 14 10 . 10 2 8 15 . . 12 9 . parse_system 5 | . . . . . . . 1 . . 1 2 . . 1 . . . . . . . . . . no_distress 3 | . . . . . . . . . . . . 1 . . . . 1 . 1 . . . . . start_evac 1 | . . . . . . . . . . 1 . . . . . . . . . . . . . . find_chute 1 | . . . . . . . . 1 . . . . . . . . . . . . . . . . deconstruct_machine 1 | . . . . . . . . 1 . . . . . . . . . . . . . . . . find_fabricator 1 | . . . . . . . . . . . . 1 . . . . . . . . . . . . find_dsf 1 | . . . . . . . . . . . . 1 . . . . . . . . . . . . drop_inventory 1 | . . . . . . . . . . . . . . . . . . . 1 . . . . . purge_threat 5 | . . . . . . . . . . 2 . . . . . . . . 3 . . . . . locate_traps 1 | . . . . . . . . . . . . . . . . . . . 1 . . . . . block_reporting 1 | . . . . . . . . . . . . . . . . . . . . . . . 1 . map_route 2 | . . . . . . . . . . 1 . . . . . . . . . . . . 1 . ignore_targets 6 | . . . . . . . . . 6 . . . . . . . . . . . . . . . find_garrison 2 | . . . . . . . . . . 1 . . . 1 . . . . . . . . . . focus_fire 1 | . . . . . . . . . . . . . 1 . . . . . . . . . . . reboot_propulsion 1 | . . . . . . . . . . . . . 1 . . . . . . . . . . . scatter_targeting 1 | . . . . . . . . . . . . . . . . . . . 1 . . . . . disrupt_area 1 | . . . . . . . . . . . . . . . . . . . . . . . 1 . overload_power 6 | . . . . . . . . . . . . . . . . 2 . . . . . 3 1 . amplify_resonance 8 | . . . . . . . 3 1 . . . . 2 2 . . . . . . . . . . disable_weapons 2 | . . . . . . . . . . . . . . 1 . . . . 1 . . . . . reboot_system 11 | . . . . . . . 1 . . . 2 . 2 1 . 1 . 1 1 . . 1 1 . overwrite_iff 30 | . . . . . . . 6 . . 3 2 . 3 2 . 7 . 1 1 . . 3 2 . formatsys_low 4 | . . . . . . . . . . 2 1 . . . . . 1 . . . . . . . formatsys_high 46 | . . . . . . . 7 . . 3 11 . 5 2 . . . 6 5 . . 5 2 . Relay Couplers Released 114 | . . . . 18 . 3 19 . . 1 23 . 6 . . 19 . 7 . . . 18 . . Machine Destruction 107 | . . . . 18 . . 19 . . 1 23 . 6 . . 19 . 7 . . . 14 . . Programmers 7 | . . . . . . 3 . . . . . . . . . . . . . . . 4 . . Attached 62 | . . . . . . . 10 . . 4 9 . 4 3 . 8 1 3 3 . . 16 1 . Fabnet Peak Effective % . | . . . . . . . . . . . . . . . . . . . . . . . . . Robots Rewired 47 | . . . . 5 . . 2 . . . 14 . 7 . . 7 . 8 . . . 4 . . Allies Hacked 4 | . . . . . . . . . . . . 1 . 2 . . 1 . . . . . . . Hacks Repelled 1 | . . . . . . . . . . 1 . . . . . . . . . . . . . . Allies | -11 -10 -9 -8 -8 -8 -7 -7 -6 -6 -6 -6 -5 -5 -5 -4 -4 -4 -4 -3 -2 -1 -1 -1 -1 -------- Run | Yrd Mat Mat Mat Gar Sto Fac Gar Fac Was Fac Gar Fac Gar Fac Fac Gar Fac Gar Res Res Acc Gar Acc Com Total Allies 185 | . . . . 5 12 3 15 . 19 7 32 . 16 12 . 18 1 16 8 . . 13 8 . Largest Group 21 | . . . . 3 10 3 5 3 19 11 21 21 19 17 . 4 3 6 7 . . 6 6 . Highest-Rated Group 810 | . . . . 50 173 48 150 64 702 455 733 733 810 758 . 199 117 294 340 . . 340 341 . Highest-Rated Ally 134 | . . . . 25 31 16 39 32 50 50 95 95 95 68 . 99 46 116 134 . . 85 69 . Total Orders 12 | . . . . . . . . . . 1 1 . 7 . . . 3 . . . . . . . STAY 4 | . . . . . . . . . . . . . 2 . . . 2 . . . . . . . FOLLOW 3 | . . . . . . . . . . . . . 2 . . . 1 . . . . . . . AID 5 | . . . . . . . . . . 1 1 . 3 . . . . . . . . . . . Ally Attacks 1186 | . . . . 24 93 17 79 7 126 110 84 20 107 131 . 75 4 68 91 . . 66 84 . Total Damage 38591 | . . . . 559 1089 124 1667 103 6103 3346 2780 435 3523 5682 . 2390 134 2561 3387 . . 2694 2014 . Kills 239 | . . . . 8 11 1 22 1 15 21 21 3 23 36 . 14 . 26 16 . . 11 10 . Allies Corrupted 12 | . . . . . 1 . . 1 . 3 . . . 3 . 1 . . 2 . . . 1 . Allies Melted 1 | . . . . . . . . . . . . . . . . 1 . . . . . . . . Intel | -11 -10 -9 -8 -8 -8 -7 -7 -6 -6 -6 -6 -5 -5 -5 -4 -4 -4 -4 -3 -2 -1 -1 -1 -1 ------- Run | Yrd Mat Mat Mat Gar Sto Fac Gar Fac Was Fac Gar Fac Gar Fac Fac Gar Fac Gar Res Res Acc Gar Acc Com Active Infowar (turns) 14135 | . . 1431 122 31 . 628 80 818 895 692 . . 1109 765 217 2918 409 1444 1358 713 . . 406 99 Optics 10146 | . . . . . . 628 80 . . . . . 1109 765 217 2918 409 1444 1358 713 . . 406 99 Sensors 2515 | . . . . . . . . 818 895 692 . . . . . . . . . . . . 100 10 Structural 1584 | . . 1431 122 31 . . . . . . . . . . . . . . . . . . . . Robot Analysis Total . | . . . . . . . . . . . . . . . . . . . . . . . . . Derelict Logs Recovered . | . . . . . . . . . . . . . . . . . . . . . . . . . Drone Launches . | . . . . . . . . . . . . . . . . . . . . . . . . . Drone Recoveries . | . . . . . . . . . . . . . . . . . . . . . . . . . Exploration | -11 -10 -9 -8 -8 -8 -7 -7 -6 -6 -6 -6 -5 -5 -5 -4 -4 -4 -4 -3 -2 -1 -1 -1 -1 ------------- Run | Yrd Mat Mat Mat Gar Sto Fac Gar Fac Was Fac Gar Fac Gar Fac Fac Gar Fac Gar Res Res Acc Gar Acc Com Turns Passed 31133 | 76 791 2292 122 2708 1828 695 2751 916 895 1093 3505 358 3236 765 217 2968 409 1444 1358 838 77 1221 471 99 Spaces Moved 13464 | 49 330 810 34 1154 634 310 1113 367 362 410 1266 139 1153 313 90 970 191 535 611 405 150 730 1127 211 Core 245 | 10 . . . . . . 4 . . . . . . . . . . . . 20 150 60 . 1 Treads 8449 | 39 330 810 34 1154 634 310 944 367 362 410 1266 139 1153 313 90 42 . . . . . 52 . . Legs 3051 | . . . . . . . 165 . . . . . . . . 928 191 535 611 337 . 284 . . Wheels . | . . . . . . . . . . . . . . . . . . . . . . . . . Hover 48 | . . . . . . . . . . . . . . . . . . . . 48 . . . . Flight 1671 | . . . . . . . . . . . . . . . . . . . . . . 334 1127 210 Fastest Speed 22 | 50 160 160 240 160 160 160 160 240 240 240 240 240 240 160 160 178 188 176 116 50 50 22 22 32 Average Speed 189 | 137 160 220 240 209 239 206 219 240 240 240 240 240 240 221 220 230 188 181 162 163 50 82 25 37 Slowest Speed 1200 | 160 160 320 240 240 240 240 1200 240 240 240 320 240 320 240 240 270 188 243 186 450 50 550 32 50 Overloaded Moves . | . . . . . . . . . . . . . . . . . . . . . . . . . Propulsion Burnouts . | . . . . . . . . . . . . . . . . . . . . . . . . . Robots Hopped 38 | . . . . . . . . . . . . . . . . . . . . . . . 33 5 Potential Cave-ins 2 | . . . . . . . . . . . . . . . . . . . . . . . 2 . Cave-ins Triggered . | . . . . . . . . . . . . . . . . . . . . . . . . . Exploration Rate (%) 41 | 4 59 78 5 90 94 9 93 10 90 16 97 5 71 12 3 98 4 54 18 14 3 52 38 15 Regions Visited 24 Branch Regions 2 Pre-discovered Areas 2 | . 2 . . . . . . . . . . . . . . . . . . . . . . . Known Exits Taken 11 | . . 1 1 . 1 1 . . . 1 . 1 . 1 1 . 1 . . . 1 . 1 . Unknown Exits Taken 4 | 1 1 . . . . . . . . . . . . . . . . . 1 1 . . . . Scrap Searched . | . . . . . . . . . . . . . . . . . . . . . . . . . Spaces Dug 22 | . . . . . 1 2 . . . 3 . . . 2 . 1 . . 6 . . . 7 . Terrain Destroyed 354 | . 7 49 2 21 26 3 72 . . 8 6 . 56 3 . 24 . 22 40 5 . 3 7 . Melee 9 | . . . . . . 2 . . . . . . . . . . . . . . . . 7 . Projectile 116 | . . 2 2 . 17 1 . . . 8 6 . . 2 . 23 . 22 25 5 . 3 . . AOE 225 | . 7 47 . 21 9 . 72 . . . . . 54 . . . . . 15 . . . . . Terrain Rammed . | . . . . . . . . . . . . . . . . . . . . . . . . . Walls Destroyed . | . . . . . . . . . . . . . . . . . . . . . . . . . Machines Disabled . | . . . . . . . . . . . . . . . . . . . . . . . . . Actions | -11 -10 -9 -8 -8 -8 -7 -7 -6 -6 -6 -6 -5 -5 -5 -4 -4 -4 -4 -3 -2 -1 -1 -1 -1 --------- Run | Yrd Mat Mat Mat Gar Sto Fac Gar Fac Was Fac Gar Fac Gar Fac Fac Gar Fac Gar Res Res Acc Gar Acc Com Total 17939 | 55 543 1211 62 1348 832 352 1365 404 388 491 1640 162 1563 361 109 1630 241 929 862 520 151 1237 1258 225 Wait 1989 | . 166 256 21 27 48 8 64 24 16 24 140 18 268 3 10 299 39 183 91 10 . 170 94 10 Move 13364 | 48 329 809 33 1152 633 309 1111 367 361 409 1264 139 1151 312 89 968 191 533 610 404 149 728 1064 201 Hop 34 | . . . . . . . . . . . . . . . . . . . . . . . 29 5 Pick Up 267 | 1 10 27 . 21 9 6 36 4 . 1 29 . 16 1 5 34 1 9 10 14 2 27 3 1 Fast Attach 179 | 6 4 10 2 5 9 4 8 2 2 . 10 . 8 . 2 14 . 8 4 11 . 49 18 3 Attach 142 | . 1 7 . 8 2 2 13 1 . 3 12 1 3 4 2 27 1 14 15 8 . 15 1 2 Detach 32 | . . 2 . . . . 1 . 1 1 4 . 2 . 1 1 1 6 . 2 . 7 3 . Swap 96 | . . 3 . 13 9 4 5 . . 5 8 . 9 2 . 17 . 8 7 . . 6 . . Drop 229 | . 4 16 . 19 20 8 30 3 2 1 25 . 18 1 . 31 . 9 4 6 . 16 13 3 Fire 1238 | . 29 81 6 47 86 8 89 3 6 47 128 4 78 38 . 144 8 92 120 57 . 146 21 . Melee 41 | . . . . 10 15 3 . . . . 1 . . . . . . . . . . . 12 . Ram 4 | . . . . . . . . . . . . . . . . . . . . 3 . 1 . . Kick 2 | . . . . . . . . . . . . . . . . . . 1 1 . . . . . Crush 1 | . . . . . 1 . . . . . . . . . . . . . . . . . . . Escape Stasis 132 | . . . . 11 . . 8 . . . 16 . 10 . . 30 . 17 . 5 . 35 . . Rewire 189 | . . . . 35 . . . . . . 3 . . . . 65 . 49 . . . 37 . . Trap . | . . . . . . . . . . . . . . . . . . . . . . . . . Miscellaneous . | . . . . . . . . . . . . . . . . . . . . . . . . . Route ------- -11/Scrapyard -10/Materials (discovered 4 exits: *Mat x2 / Min x2) -9/Materials (discovered 5 exits: *Mat x3 / *Min x2) -8/Materials (discovered 5 exits: Fac x3 / *Sto / Gar) -8/Garrison (discovered 4 exits: *Sto x4) -8/Storage (discovered 2 exits: *Fac / [Rec]) -7/Factory -7/Garrison (discovered 3 exits: *Fac x3) -6/Factory -6/Waste -6/Factory (discovered 2 exits: *Fac / Gar) -6/Garrison (discovered 3 exits: *Fac x3) -5/Factory (discovered 2 exits: *Upp / Gar) -5/Garrison (discovered 4 exits: *Fac x4) -5/Factory -4/Factory -4/Garrison (discovered 3 exits: *Fac x3) -4/Factory -4/Garrison -3/Research -2/Research -1/Access -1/Garrison -1/Access -1/Command History --------- Turn | Location | Event 6 | -11/Scrapyard | Discovered new exit (range 16) 77 | -11/Scrapyard | Entered Materials 306 | -10/Materials | Build established: Mutant 438 | -10/Materials | Discovered new exit (range 14) 664 | -10/Materials | Discovered new exit (range 16) 727 | -10/Materials | Learned 2 Mines zone layouts 756 | -10/Materials | Learned Storage non-interactive machine intel 774 | -10/Materials | Learned 4 Recycling zone layouts 780 | -10/Materials | Learned location of Recycling (-8) 781 | -10/Materials | Learned location of 1 exit from Recycling 782 | -10/Materials | Identified exit to Mines 784 | -10/Materials | Learned 2 Storage zone layouts 785 | -10/Materials | Loaded intel: 21 trap records 868 | -10/Materials | Entered another Materials area 868 | -9/Materials | Evolved 2 slots: Utility x2 869 | -9/Materials | Identified exit to Mines 1059 | -9/Materials | Repaired Lgt. Treads 1442 | -9/Materials | Discovered exit to Mines (range 5) 1884 | -9/Materials | Core integrity fell below 50% 2004 | -9/Materials | Discovered new exit (range 5) 2293 | -9/Materials | Discovered new exit (range 14) 2816 | -9/Materials | Identified exit to Materials 2876 | -9/Materials | Learned Storage emergency access door positions 2878 | -9/Materials | Learned location of 3 exits from Materials 2880 | -9/Materials | Learned Recycling recycling unit intel 2881 | -9/Materials | Learned location of 1 exit from Storage 2901 | -9/Materials | Learned 8 Materials zone layouts 3160 | -9/Materials | Entered another Materials area 3160 | -8/Materials | Evolved 2 slots: Propulsion x1, Utility x1 3160 | -8/Materials | Discovered new exit (range 7) 3161 | -8/Materials | Identified exit to Factory 3162 | -8/Materials | Identified exit to Storage 3279 | -8/Materials | Identified exit to Garrison 3282 | -8/Materials | Entered Garrison 3294 | -8/Garrison | Triggered checkpoint 3490 | -8/Garrison | Discovered exit to Storage (range 6) 3544 | -8/Garrison | Build established: Scavenger-Mutant 3668 | -8/Garrison | Triggered checkpoint 3819 | -8/Garrison | Triggered checkpoint 3867 | -8/Garrison | Lost 3 parts (2n1u) 4020 | -8/Garrison | Discovered exit to Storage (range 13) 4138 | -8/Garrison | Triggered checkpoint 4374 | -8/Garrison | Triggered checkpoint 4490 | -8/Garrison | Triggered checkpoint 4566 | -8/Garrison | Discovered exit to Storage (range 13) 4585 | -8/Garrison | Installed Relay Interface Framework 4633 | -8/Garrison | Learned Storage security intel 4778 | -8/Garrison | Garrison Relay disabled 5063 | -8/Garrison | Garrison Relay disabled 5258 | -8/Garrison | Garrison Relay disabled 5474 | -8/Garrison | Triggered checkpoint 5560 | -8/Garrison | Garrison Relay disabled 5642 | -8/Garrison | Discovered exit to Storage (range 10) 5714 | -8/Garrison | Triggered checkpoint 5990 | -8/Garrison | Entered Storage 5994 | -8/Storage | Loaded intel: 23 non-interactive machine locations 6719 | -8/Storage | Build established: Mutant 6805 | -8/Storage | Met a pair of Derelict thieves 7182 | -8/Storage | Assisted by bots powering up and referring to "LRC-V3" 7465 | -8/Storage | Build established: Commander-Mutant 7545 | -8/Storage | Lost 4 allies 7582 | -8/Storage | Discovered new exit (range 18) 7590 | -8/Storage | First assault squad dispatched 7595 | -8/Storage | Lost 4 allies 7818 | -8/Storage | Entered Factory 7818 | -7/Factory | Evolved 2 slots: Utility x2 8107 | -7/Factory | Identified exit to Garrison 8460 | -7/Factory | Fabricated Hvy. Deuterium Engine? 8513 | -7/Factory | Entered Garrison 8513 | -7/Garrison | Accompanied by 1 ally 8574 | -7/Garrison | Phase Generator disabled 8615 | -7/Garrison | Build established: Bothacker-Mutant 8724 | -7/Garrison | Garrison Relay disabled 8759 | -7/Garrison | Triggered checkpoint 8867 | -7/Garrison | Triggered checkpoint 8872 | -7/Garrison | Triggered checkpoint 8985 | -7/Garrison | Expanded RIF knowledge: Structural Interface 9063 | -7/Garrison | Discovered new exit (range 11) 9313 | -7/Garrison | Lost 3 allies 9542 | -7/Garrison | Discovered new exit (range 14) 9639 | -7/Garrison | Triggered checkpoint 9661 | -7/Garrison | Garrison Relay disabled 9917 | -7/Garrison | Identified exit to Factory 9959 | -7/Garrison | Garrison Relay disabled 10665 | -7/Garrison | Spotted B-75 Beast 10683 | -7/Garrison | Allies destroyed B-75 Beast 10710 | -7/Garrison | Garrison Relay disabled 10797 | -7/Garrison | Triggered checkpoint 10833 | -7/Garrison | Lost 3 allies 10941 | -7/Garrison | Discovered exit to Factory (range 10) 10968 | -7/Garrison | Expanded RIF knowledge: Hotswap 11065 | -7/Garrison | Triggered checkpoint 11173 | -7/Garrison | Garrison Relay disabled 11264 | -7/Garrison | Entered Factory 11264 | -6/Factory | Accompanied by 3 allies 11264 | -6/Factory | Evolved 2 slots: Propulsion x1, Utility x1 11467 | -6/Factory | Lost 3 allies 11725 | -6/Factory | Identified exit to Garrison 11964 | -6/Factory | First assault squad dispatched 12180 | -6/Factory | Sucked down chute 12180 | -6/Factory | Entered Waste 12198 | -6/Waste | Spotted C-40 Crusher 12213 | -6/Waste | Spotted C-40 Crusher 12228 | -6/Waste | Spotted C-40 Crusher 12257 | -6/Waste | Spotted C-40 Crusher 12272 | -6/Waste | Spotted C-40 Crusher 12304 | -6/Waste | Spotted C-40 Crusher 12336 | -6/Waste | Warlord forces began an assault 12387 | -6/Waste | Allies destroyed C-40 Crusher 12418 | -6/Waste | Lost 8 allies 12439 | -6/Waste | Allies destroyed C-40 Crusher 12449 | -6/Waste | Discovered new exit (range 15) 13068 | -6/Waste | Identified exit to Factory 13075 | -6/Waste | Entered Factory 13075 | -6/Factory | Accompanied by 10 allies 13298 | -6/Factory | Lost 3 allies 13506 | -6/Factory | Lost 4 allies 13628 | -6/Factory | Discovered new exit (range 14) 13732 | -6/Factory | Identified exit to Factory 13738 | -6/Factory | Lost 3 allies 13899 | -6/Factory | P-60 Hacker assimilated allied Smith 5b 13904 | -6/Factory | P-60 Hacker assimilated allied Soldier 5a 14165 | -6/Factory | Identified exit to Garrison 14168 | -6/Factory | Entered Garrison 14596 | -6/Garrison | Spotted B-75 Beast 14677 | -6/Garrison | Destroyed B-75 Beast 14930 | -6/Garrison | Triggered checkpoint 15070 | -6/Garrison | Expanded RIF knowledge: Robot Detection 15258 | -6/Garrison | Triggered checkpoint 15294 | -6/Garrison | Garrison Relay disabled 15348 | -6/Garrison | Garrison Relay disabled 15458 | -6/Garrison | Discovered exit to Factory (range 5) 15503 | -6/Garrison | Learned Factory security intel 15600 | -6/Garrison | Build established: Botlord-Mutant 15654 | -6/Garrison | Triggered checkpoint 15700 | -6/Garrison | Triggered checkpoint 16005 | -6/Garrison | Discovered exit to Factory (range 10) 16200 | -6/Garrison | Triggered checkpoint 16204 | -6/Garrison | Found embedded Infiltrators 16253 | -6/Garrison | Garrison Relay disabled 16562 | -6/Garrison | Triggered checkpoint 16619 | -6/Garrison | Garrison Relay disabled 16700 | -6/Garrison | Rescued a captive Derelict 16701 | -6/Garrison | Rescued a captive Derelict 16940 | -6/Garrison | Triggered checkpoint 17089 | -6/Garrison | Discovered exit to Factory (range 3) 17170 | -6/Garrison | Garrison Relay disabled 17312 | -6/Garrison | Triggered checkpoint 17428 | -6/Garrison | Garrison Relay disabled 17673 | -6/Garrison | Entered Factory 17673 | -5/Factory | Accompanied by 21 allies 17673 | -5/Factory | Evolved 2 slots: Utility x2 17784 | -5/Factory | Discovered new exit (range 7) 17798 | -5/Factory | Identified exit to Upper Caves 18012 | -5/Factory | Identified exit to Garrison 18028 | -5/Factory | Garrison activated, responded to threat 18031 | -5/Factory | Entered Garrison 18031 | -5/Garrison | Warlord forces raided the area 18031 | -5/Garrison | Accompanied by 13 allies 18221 | -5/Garrison | Triggered checkpoint 18237 | -5/Garrison | Triggered checkpoint 18237 | -5/Garrison | Triggered checkpoint 18399 | -5/Garrison | Triggered checkpoint 18429 | -5/Garrison | Warlord forces retreated 18471 | -5/Garrison | Triggered checkpoint 18515 | -5/Garrison | Triggered checkpoint 18624 | -5/Garrison | Garrison Relay disabled 19184 | -5/Garrison | Phase Generator disabled 19264 | -5/Garrison | Discovered new exit (range 5) 19274 | -5/Garrison | Identified exit to Factory 19433 | -5/Garrison | Triggered checkpoint 19434 | -5/Garrison | Garrison Relay disabled 19904 | -5/Garrison | Spotted Executioner 19918 | -5/Garrison | Destroyed Executioner 19950 | -5/Garrison | Triggered checkpoint 20019 | -5/Garrison | Found Prototype Processor 20019 | -5/Garrison | Identified Exp. Core Analyzer 20035 | -5/Garrison | Discovered exit to Factory (range 12) 20098 | -5/Garrison | Expanded RIF knowledge: Autooverride 20184 | -5/Garrison | Found Prototype Processor 20277 | -5/Garrison | Triggered checkpoint 20632 | -5/Garrison | Discovered exit to Factory (range 73) 20632 | -5/Garrison | Discovered exit to Factory (range 24) 20632 | -5/Garrison | Discovered exit to Factory (range 33) 20632 | -5/Garrison | Discovered exit to Factory (range 23) 21175 | -5/Garrison | Triggered checkpoint 21267 | -5/Garrison | Entered Factory 21267 | -5/Factory | Accompanied by 17 allies 21567 | -5/Factory | First assault squad dispatched 21683 | -5/Factory | Central database locked down 21782 | -5/Factory | Lost 10 allies 21840 | -5/Factory | High security lockdown imminent 21920 | -5/Factory | High security lockdown engaged 21998 | -5/Factory | P-70 Sage assimilated allied Sentinel 6a 22005 | -5/Factory | System corruption reached 10% 22008 | -5/Factory | Discovered new exit (range 10) 22024 | -5/Factory | Core integrity fell below 50% 22031 | -5/Factory | Identified exit to Factory 22032 | -5/Factory | Entered another Factory area 22032 | -4/Factory | Evolved 2 slots: Power x1, Propulsion x1 22047 | -4/Factory | Lost 10 allies 22057 | -4/Factory | Lost 8 parts (1p2n4u1w) 22160 | -4/Factory | Identified exit to Garrison 22249 | -4/Factory | Entered Garrison 22300 | -4/Garrison | Identified Exp. Targeting Computer 22324 | -4/Garrison | Found embedded Infiltrators 22359 | -4/Garrison | Triggered checkpoint 22504 | -4/Garrison | Lost 8 parts (1p1n2u4w) 22727 | -4/Garrison | Build established: Bothacker-Mutant 22851 | -4/Garrison | Triggered checkpoint 22873 | -4/Garrison | Garrison Relay disabled 23177 | -4/Garrison | Build established: Botlord-Mutant 23491 | -4/Garrison | Triggered checkpoint 23828 | -4/Garrison | Discovered new exit (range 12) 23854 | -4/Garrison | Garrison Relay disabled 23942 | -4/Garrison | Garrison Relay disabled 24308 | -4/Garrison | Discovered new exit (range 11) 24394 | -4/Garrison | Rewired Striker 24396 | -4/Garrison | Rewired Striker 24435 | -4/Garrison | Triggered checkpoint 24503 | -4/Garrison | Expanded RIF knowledge: Program Shield 24534 | -4/Garrison | Garrison Relay disabled 24824 | -4/Garrison | Lost 5 allies 24927 | -4/Garrison | Discovered new exit (range 5) 24957 | -4/Garrison | Expanded RIF knowledge: Zone Cloak 24975 | -4/Garrison | Triggered checkpoint 25086 | -4/Garrison | Garrison Relay disabled 25217 | -4/Garrison | Entered Factory 25217 | -4/Factory | Accompanied by 2 allies 25264 | -4/Factory | Identified exit to Garrison 25467 | -4/Factory | First assault squad dispatched 25626 | -4/Factory | Entered Garrison 25626 | -4/Garrison | Accompanied by 1 ally 25677 | -4/Garrison | Expanded RIF knowledge: Alert ID Control 25739 | -4/Garrison | Core integrity fell below 50% 25952 | -4/Garrison | Garrison Relay disabled 25996 | -4/Garrison | Triggered checkpoint 26148 | -4/Garrison | Lost 3 parts (3n) 26249 | -4/Garrison | System corruption reached 10% 26288 | -4/Garrison | Lost 3 parts (1p1n1u) 26336 | -4/Garrison | Lost 3 parts (1p1n1u) 26375 | -4/Garrison | Spotted B-86 Titan 26380 | -4/Garrison | Assimilated Titan 7a with formatsys_high 26392 | -4/Garrison | Triggered checkpoint 26512 | -4/Garrison | Triggered checkpoint 26588 | -4/Garrison | Lost 3 allies 26611 | -4/Garrison | Found Hvy. Reflective Plating 26684 | -4/Garrison | Triggered checkpoint 26726 | -4/Garrison | Garrison Relay disabled 26870 | -4/Garrison | Discovered new exit (range 9) 26990 | -4/Garrison | Lost 5 allies 27070 | -4/Garrison | Entered Research 27070 | -3/Research | Accompanied by 6 allies 27070 | -3/Research | Evolved 2 slots: Propulsion x2 27251 | -3/Research | Unchained authorized (6S-H0T) 27634 | -3/Research | Spotted B-86 Titan 27948 | -3/Research | Destroyed B-86 Titan 28233 | -3/Research | Lost 4 parts (1n1u2w) 28368 | -3/Research | Lost 6 parts (1p3n2w) 28410 | -3/Research | Discovered new exit (range 7) 28428 | -3/Research | Entered another Research area 28428 | -2/Research | Evolved 2 slots: Utility x2 29094 | -2/Research | Lost 7 parts (1p2n3u1w) 29162 | -2/Research | Destroyed 9 combat bots 29189 | -2/Research | Core integrity fell below 50% 29260 | -2/Research | Discovered new exit (range 11) 29264 | -2/Research | Core integrity fell below 20% 29266 | -2/Research | Entered Access 29266 | -1/Access | Evolved 2 slots: Utility x2 29282 | -1/Access | Identified exit to Garrison 29294 | -1/Access | Lost 24 parts (3p9n8u4w) 29343 | -1/Access | Entered Garrison 29343 | -1/Garrison | Spotted B-75 Beast 29357 | -1/Garrison | Rewired B-75 Beast 29385 | -1/Garrison | Destroyed B-75 Beast 29518 | -1/Garrison | Lost 3 parts (1u2w) 29637 | -1/Garrison | Lost 4 parts (1p2n1w) 29700 | -1/Garrison | Build established: Scavenger-Mutant 29851 | -1/Garrison | Triggered checkpoint 29915 | -1/Garrison | Garrison Relay disabled 29942 | -1/Garrison | Garrison Relay disabled 30036 | -1/Garrison | Spotted B-99 Colossus 30112 | -1/Garrison | Allies destroyed B-99 Colossus 30129 | -1/Garrison | Found Prototype Ballistic Gun 30129 | -1/Garrison | Identified Multirail 30134 | -1/Garrison | Lost 13 parts (4n6u3w) 30178 | -1/Garrison | Triggered checkpoint 30205 | -1/Garrison | Released all parts (9) 30218 | -1/Garrison | Core integrity fell below 50% 30235 | -1/Garrison | Lost 4 parts (2n2w) 30240 | -1/Garrison | Destroyed 7 combat bots 30357 | -1/Garrison | Triggered checkpoint 30374 | -1/Garrison | Garrison Relay disabled 30385 | -1/Garrison | Lost 3 allies 30511 | -1/Garrison | Discovered new exit (range 15) 30564 | -1/Garrison | Entered Access 30564 | -1/Access | Accompanied by 6 allies 30651 | -1/Access | Lost 3 allies 30734 | -1/Access | Build established: Botlord-Sprinter 30865 | -1/Access | Spotted B-99 Colossus 30868 | -1/Access | Garrison activated, responded to threat 30916 | -1/Access | Spotted B-99 Colossus 30944 | -1/Access | Spotted B-99 Colossus 31032 | -1/Access | Spotted B-99 Colossus 31032 | -1/Access | Spotted B-99 Colossus 31034 | -1/Access | Discovered new exit (range 3) 31035 | -1/Access | Identified exit to Command 31035 | -1/Access | Entered Command 31065 | -1/Command | Lost 4 parts (1p1n2u) 31120 | -1/Command | Spotted M Guard 31121 | -1/Command | Spotted M Guard 31121 | -1/Command | Spotted Combat Programmer 31122 | -1/Command | Spotted Combat Programmer 31126 | -1/Command | Core integrity fell below 20% 31134 | -1/Command | Destroyed by Combat Programmer with EMDS Last Messages --------------- 31114_ Impulse Thruster Array destroyed. 31114_ Dropped Adv. Point Defense System. 31115_ Adv. Corruption Screen intercepted 1% system corruption. 31120_ S-43 Plague destroyed. 31123_ Penetrated by EMDS Slug. 31123_ Relay Coupler [Hunter] destroyed. 31125_ EMDS Slug penetrates Wall. 31127_ Penetrated by EMDS Slug. 31127_ Xenon Bombardment Thruster destroyed. 31127_ Adv. Corruption Screen intercepted 1% system corruption. 31130_ ALERT: Potential suspicious activity detected, Programmers report to Command Zone 2K. 31130_ Xenon Bombardment Thruster destroyed. 31130_ Door Terminal disabled. 31134_ Penetrated by EMDS Slug. 31134_ Adv. Corruption Screen intercepted 1% system corruption. Map ----- +----------------------------------------------------+ | ????????????????????????????????????????????????# | | ????????????????????????????????????????????????# | | ????????????????????????????????????????????????## | | ?????????????????????????????????????????????????? | | ?????????????????????????????????????????????????? | | ????????????????????????????? ?????????????????? | | ????????????????????????????? ?????????????????? | | ????????????????????????????? #????????????????? | | ????????????????????????????? #????????????????? | | ????????????????????????????? #????????????????? | | ????????????????????????????? #????????????????? | | ????????????????????????????? #????????????????? | | ????????????????????????????? #????????????????? | | ????????????????????????????? #????????????????? | | ????????????????????????????? #????????????????? | | ????????????????????????????# #????????????????? | | ????????????????????????????# #????????????????? | | ????????????????????????????# #????????????????? | | ????????????????????????????# #????????????????? | | ????????????????????????????# #????????????????? | | ????????????????????????????# #????????????????? | | ????????????????????????????# #????????????????? | | ??????????????????????????### #????????????????? | | ??????????????????????????# #????????????????? | | ?????????????????????#"""## ########?#####?#### | | ?????????????????????# @# #?# #?# | | ?????????????????????# pp## ### ### | | ?????????????????????# | | ?????????????????????# | | ?????????????????????# | | ?????????????????????# | | ?????????????????????# | | ?????????????????????# ### ### ### ### | | ?????????????????????######?# #?# #?# #?# | | ????????????????????????????#####?#####?#####?#### | | ?????????????????????????????????????????????????? | | ?????????????????????????????????????????????????? | | ?????????????????????????????????????????????????? | | ?????????????????????????????????????????????????? | | ?????????????????????????????????????????????????? | | ?????????????????????????????????????????????????? | | ?????????????????????????????????????????????????? | | ?????????????????????????????????????????????????? | | ?????????????????????????????????????????????????? | | ?????????????????????????????????????????????????? | | ?????????????????????????????????????????????????? | | ?????????????????????????????????????????????????? | | ?????????????????????????????????????????????????? | | ?????????????????????????????????????????????????? | | ?????????????????????????????????????????????????? | +----------------------------------------------------+ Best States ------------- Heat Dissipation 83 Coolant Potential 100 Energy Generation 41 Energy Capacity 1770 Matter Stores 300 Matter Capacity 300 Sight Range 23 Robot Scan Range 16 Terrain Scan Density 10 EM Shielding 2 Corruption Block 20 Armor Coverage 600 Resistance: TH 25 Weapon Cycling 30 Phase Shifting 15 Evasion (%) 75 Targeting Accuracy 12 Melee Accuracy 14 Target Analysis 12 Core Analysis 8 Recoil Reduction 4 Particle Charging 25 Salvage Targeting 1 Offensive Hacking 30 Defensive Hacking 22 Relay Coupler Types 5 Relay Coupler Value 245 Authchip Count 1 Item Schematics ----------------- None Robot Schematics ------------------ None Fabricated ------------ Hvy. Deuterium Engine | x1 | -7/Factory | Preloaded Repaired ---------- Lgt. Treads | 38% | -9/Materials Studied --------- Lgt. Treads | -7/Factory | Hacked Imp. Treads | -7/Factory | Hacked Axe | -7/Factory | Hacked Imp. Remote Datajack | -6/Factory | Hacked Imp. Heavy Treads | -5/Factory | Hacked Alien Tech Used ----------------- None Achievements -------------- Hot Stuff Not Today, Chutes Taming Of The Crushers Zeroed Repercussions Challenges ------------ None Game ------ Seed RapidPotentialExpander Manual? 0 Play Time 03:42:54 Cumulative 535.3 hours Start 2025.11.12 @ 12:36:12 End 2025.11.13 @ 16:21:16 Sessions 11 Manual Loads 0 Difficulty Rogue Special Mode None Game No. 867 Rogue 712 Adventurer 148 Explorer 7 Win Type - Total 26 Types 20/1/4/1/0/0/0/0/0/0 Lore% 77 Gallery% 80 Achievement% 65 Wizard Run 0 Options --------- Layout 1 ASCII 0 Keyboard 0 Movement Numpad Keybinds 0 Fullscreen 2 Font 24/Smallcaps Map View 50x35 Zoom Use 0% Tactical HUD 1 Map Filters NONE Filters NONE Steam 1 RUN: 3d60e1e0-1f6e-41d9-9ee0-cfe3bb091b13